 Dungeon Crawl Stone Soup version 0.30-a0-702-gdf48620a09 (webtiles) character file.

Game seed: 11208830352952663785

60 rddays123 the Shield-Bearer (level 3, -1/33 HPs)
             Began as a Minotaur Fighter on Jan 22, 2023.
             Succumbed to Robin's poison
             ... on level 2 of the Dungeon.
             The game lasted 00:00:47 (583 turns).

rddays123 the Shield-Bearer (Minotaur Fighter)       Turns: 583, Time: 00:00:47

Health: -1/33      AC:  7    Str: 22    XL:     3   Next: 80%
Magic:  2/2        EV:  9    Int:  5    God:
Gold:   39         SH:  4    Dex:  9    Spells: 2/2 levels left

rFire   . . .      SeeInvis .    a - +0 war axe
rCold   . . .      Faith    .    c - +0 buckler
rNeg    . . .      Spirit   .    b - +0 scale mail
rPois   .          Reflect  .    (helmet restricted)
rElec   .          Harm     .    (no cloak)
rCorr   .          Rampage  .    (no gloves)
Will    .....                    (no boots) Stlth
                                 (no amulet)
HPRegen 0.25/turn                (no ring)
MPRegen 0.08/turn                (no ring)

@: lethally poisoned (-1 -> -20)
A: horns 2, retaliatory headbutt
a: no special abilities


You were on level 2 of the Dungeon.
You visited 1 branch of the dungeon, and saw 2 of its levels.

You collected 39 gold pieces.

Inventory:

Hand Weapons
 a - a +0 war axe (weapon)
Armour
 b - a +0 scale mail (worn)
 c - a +0 buckler (worn)
Scrolls
 f - 2 scrolls of teleportation {unknown}
 h - a scroll of vulnerability {unknown}
Potions
 d - a potion of might
 e - 2 potions of mutation {unknown}
 g - 5 potions of heal wounds {unknown}
 i - a potion of haste {unknown}


   Skills:
 + Level 4.2 Fighting
 + Level 3.2 Axes
 + Level 4.2 Armour
 + Level 0.1 Dodging
 + Level 4.2 Shields


You had 2 spell levels left.
You didn't know any spells.
Your spell library was empty.

Dungeon Overview and Level Annotations

Branches:
Dungeon (2/15)

Altars:

Annotations:
D:2 Robin


Innate Abilities, Weirdness & Mutations

You have a pair of horns on your head.
You reflexively headbutt those who attack you in melee.


Message History

Items here: )) ††.
You hit the goblin.
You kill the goblin!
Robin laughs in a distinctly smug fashion.
Robin hits you from afar with a +2 spear of venom.
You are poisoned.
You block Robin's attack. The quokka completely misses you.
You closely miss the hobgoblin. You slash the quokka!
You kill the quokka!
You feel very sick. Robin hits you but does no damage.
You block the hobgoblin's attack.
You slash the hobgoblin!
You kill the hobgoblin!
You feel sick. Robin misses you.
A quokka comes into view.
The hobgoblin hits you but does no damage.
Robin barely misses you.
You slash the hobgoblin!
You kill the hobgoblin!
You feel sick. Robin throws the goblin at you!
You closely miss the kobold. You slash the goblin!
You kill the goblin!
You feel sick.
Robin hits you from afar with a +2 spear of venom.
The kobold hits you with a +0 dagger.
You hit the kobold.
The kobold is heavily wounded.
You feel sick.
You are no longer poisoned.
Robin hits you from afar with a +2 spear of venom.
You are lethally poisoned!
You block the kobold's attack. The kobold hits you but does no damage.
Robin says, "My army is invincible!"
Robin hits you but does no damage.
You are more poisoned.
The kobold attacks as you move away! The kobold hits you but does no damage.
* * * LOW HITPOINT WARNING * * *
You feel very sick.
Items here: )) ††.
You die...

#. .. #. #w## .r# #g#
# #K# ...
###############)#..#
#.............@..$.#
###.#############.#.##
.##.# #.#.# .##.# #.#
# .##.# #.# .##.# #..
<##.# ### .##.# .##.#


You could see Robin, a quokka and a kobold.

Vanquished Creatures
  2 adders (D:2)
  A dart slug (D:1)
  2 ball pythons (D:1)
  4 bats (D:1)
  3 giant cockroaches
  6 goblins
  2 hobgoblins (D:2)
  6 jackals
  3 quokkas
  2 frilled lizards (D:1)
  A kobold (D:1)
  A rat (D:1)
33 creatures vanquished.

Notes
Turn   | Place    | Note
-------+----------+-------------------------------------------
     0 | D:1      | rddays123 the Minotaur Fighter began the quest for the Orb.
     0 | D:1      | Reached XP level 1. HP: 19/19 MP: 0/0
   133 | D:1      | Reached XP level 2. HP: 27/27 MP: 1/1
   490 | D:2      | Reached XP level 3. HP: 27/33 MP: 2/2
   572 | D:2      | Noticed Robin
   583 | D:2      | Succumbed to Robin's poison

Illustrated notes

Levels and vault maps discovered:
D:1:      mushboom_english_gardens, layout_basic
D:2:      layout_loops_ring, uniq_robin

Skill      XL: |  1  2 |
---------------+-------+-----
Fighting       | 4 |  4.2
Shields        | 4 |  4.2
Axes           | 3 |  3.2
Armour         | 4 |  4.2
Dodging        | |  0.1

Action                   || total
-------------------------++-------
Melee: War axe           ||    62
       Headbutt          ||     6
Armor: Scale mail        ||    32
Dodge: Dodged            ||    37
Block: Buckler           ||    14

Table legend: (Time is in decaauts)
 A = Elapsed time spent in this place.
 B = Non-inter-level travel time spent in this place.
 C = Inter-level travel time spent in this place.
 D = Time resting spent in this place.
 E = Time spent auto-exploring this place.
 F = Levels seen in this place.
 G = Mean time per level.
                   A        B        C        D        E       F      G
               +--------+--------+--------+--------+--------+-----+--------+
         Total |    607 |    582 |     25 |      0 |    430 |   2 |  303.5 |
       Dungeon |    607 |    582 |     25 |      0 |    430 |   2 |  303.5 |
               +--------+--------+--------+--------+--------+-----+--------+

Top non-repeatable levels by time:
     D:1: 484 daAuts
     D:2: 122 daAuts
